 Dungeon Crawl Stone Soup version 0.29.1-15-g9cfb28693d (webtiles) character file.

Game seed: 5334998863903769797

5 croobank the Sneak (level 1, -3/16 HPs)
             Began as an Octopode Delver on Mar 13, 2023.
             Slain by a sky beast (6 damage)
             ... on level 5 of the Dungeon.
             The game lasted 00:02:15 (239 turns).

croobank the Sneak (Octopode Delver)                 Turns: 239, Time: 00:02:16

Health: -3/16      AC:  1    Str: 11    XL:     1   Next: 80%
Magic:  1/1        EV: 13    Int: 12    God:
Gold:   52         SH:  0    Dex: 13    Spells: 0/0 levels left

rFire   . . .      SeeInvis .   a - +0 hand axe
rCold   . . .      Faith    .   (no shield)
rNeg    . . .      Spirit   .   (helmet restricted)
rPois   .          Reflect  .   (no amulet)
rElec   .          Harm     .   (no ring)
rCorr   .          Rampage  .   (no ring)
Will    .....                   (no ring)
Stlth   ++++......              (no ring)
HPRegen 0.05/turn               (no ring)
MPRegen 0.07/turn               (no ring)
                                (no ring)
                                (no ring)

@: no status effects
A: almost no armour, amphibious, 8 rings, camouflage 1, gelatinous body 1,
(nimble swimmer 1), tentacles
a: no special abilities


You were on level 5 of the Dungeon.
You visited 1 branch of the dungeon, and saw 5 of its levels.

You collected 52 gold pieces.

Inventory:

Hand Weapons
 a - a +0 hand axe (weapon)
Wands
 f - a wand of digging (3)
Scrolls
 b - a scroll of fog


   Skills:
 + Level 3.1 Fighting
 + Level 2.1 Axes
 + Level 2.1 Dodging
 + Level 6.7 Stealth


You couldn't memorise any spells.
You didn't know any spells.
Your spell library was empty.

Dungeon Overview and Level Annotations

Branches:
Dungeon (9/15)             Temple (0/1) D:7
   Lair: D:8-11         Orc: D:9-12

Altars:

Annotations:
D:5 4 runed translucent doors


Innate Abilities, Weirdness & Mutations

You cannot wear most types of armour.
You are amphibious.
You can wear up to eight rings at the same time.
Your skin changes colour to match your surroundings (Stealth+).
Your rubbery body absorbs attacks. (AC +1, EV +1)
((You are camouflaged when in or above water. (Stealth+)))
You have tentacles for arms and can constrict up to eight enemies at once.


Message History

You now have 25 gold pieces (gained 10).
You now have 42 gold pieces (gained 17).
You now have 52 gold pieces (gained 10).
Found 9 stones.
Found a robe.
Found a scroll labelled LUUPOM KOOMNYC.
Found a large runed translucent door.
Found a large runed translucent door.
c - a scroll labelled LUUPOM KOOMNYC
Found an encrusted marble ring.
Found 7 gold pieces.
Found a dagger.
Found a chain mail.
You open the door.
An iguana comes into view.
A sky beast comes into view.
There is an open door here.
The sky beast completely misses you.
The iguana hisses angrily.
You closely miss the iguana. You grab the iguana.
You squeeze the iguana, but do no damage.
You hit the sky beast but do no damage. You constrict the iguana.
The sky beast misses you. The iguana misses you.
You release your grip on the iguana.
The sky beast hits you. The sky beast shocks you.
The iguana hisses menacingly.
There is an open door here.
The iguana attacks as you move away! The iguana barely misses you.
Okay, then.
Unknown command.
You aren't carrying any potions.
As you read the scroll labelled LUUPOM KOOMNYC, it crumbles to dust.
It is a scroll of amnesia.
You feel forgetful for a moment. The sky beast misses you.
As you read the scroll labelled QEORUI WUSUSAKH, it crumbles to dust.
It is a scroll of enchant armour.
You aren't carrying any armour which can be enchanted further.
The sky beast hits you.
* * * LOW HITPOINT WARNING * * *
The sky beast shocks you.
You die...

..........(..#.#.###.#.#..
..######...#...#.....#.#.#
#8)[8##..###########.#..
#8...)8#..+ ..#..
.+...o..+..# ###..
.+..y...+..# ...
.#8....8#..#####
#8$=8##......#
######.@...#.# #Y###.....
#l..##..## ##.#.#..# ## #
[# #


You could see a sky beast and an iguana.

Vanquished Creatures
  An ufetubus (D:6)
1 creature vanquished.

Notes
Turn   | Place    | Note
-------+----------+-------------------------------------------
     0 | D:5      | croobank the Octopode Delver began the quest for the Orb.
     0 | D:5      | Reached XP level 1. HP: 16/16 MP: 1/1
    11 | D:6      | You fall into a shaft and drop 1 floor!
    11 | D:7      | Found a staircase to the Ecumenical Temple.
    72 | D:9      | Noticed an orc wizard
    72 | D:9      | Noticed an orc priest
   112 | D:6      | Noticed an ogre
   126 | D:6      | Noticed a gnoll sergeant
   128 | D:6      | Noticed an ice beast
   140 | D:6      | Noticed a phantom
   218 | D:5      | Found a large runed translucent door.
   219 | D:5      | Found a large runed translucent door.
   219 | D:5      | Found a large runed translucent door.
   224 | D:5      | Found a large runed translucent door.
   226 | D:5      | Noticed an orc warrior
   226 | D:5      | Noticed a killer bee
   232 | D:5      | Noticed an iguana
   233 | D:5      | Noticed a sky beast
   239 | D:5      | Slain by a sky beast

Illustrated notes

Levels and vault maps discovered:
D:5:      layout_basic, nzn_hepliaklqana_mist_gate,
          nicolae_yredelemnul_ghost_church, minmay_hedge_maze,
          minmay_hollow_rounded_squares, uniq_crazy_yiuf_cottage
D:6:      layout_loops_ring, evilmike_ruin_ashenzari, old_standard_altar,
          grunt_gozag_statues
D:7:      layout_rooms, minmay_temple_entry_from_below_b, serial_bayou_lake_a,
          uniq_prince_ribbit1, uniq_pikel
D:8:      layout_basic
D:9:      layout_loops_corners, lair_entry_dummy, enter_bailey_8,
          minmay_joined_circles

Action                   || total
-------------------------++-------
Melee: Hand axe          ||     2
       Constrict         ||     2
       Tentacles         ||     1
  Use: Scroll            ||     4
       Potion            ||     1
Dodge: Dodged            ||     6
